[ AOE2 MATCH · #478733243 ]
UnrankedCelts vs Malay
[ REPLAY ANALYSIS · EXTRACTED FROM THE RECORDED GAME ]
Feudal
13:06
Castle
21:46
Imperial
—
| APM avg | 19.7 |
| APM peak | 52 |
| eAPM avg | 11.6 |
| Villagers / military | 76 / 13 |
Focus
⚔️ 18.6% · 🌾 81.4%
Woad Raider ×11 · Monk ×2
Feudal
15:56
Castle
19:51
Imperial
—
| APM avg | 21.3 |
| APM peak | 54 |
| eAPM avg | 14.3 |
| Villagers / military | 106 / 33 |
Focus
⚔️ 19.9% · 🌾 80.1%
Cavalry Archer ×33
Feudal
14:18
Castle
18:27
Imperial
36:00
| APM avg | 24.9 |
| APM peak | 58 |
| eAPM avg | 15.8 |
| Villagers / military | 114 / 39 |
Focus
⚔️ 16.1% · 🌾 83.9%
Battle Elephant ×26 · Scout Cavalry ×12 · Knight ×1
Feudal
11:56
Castle
20:18
Imperial
—
| APM avg | 43.6 |
| APM peak | 73 |
| eAPM avg | 24.1 |
| Villagers / military | 112 / 34 |
Focus
⚔️ 32.8% · 🌾 67.2%
Mameluke ×15 · Spearman ×5 · Battering Ram ×5 · Militia ×4 · Scorpion ×2 · Camel Scout ×2
Feudal
12:57
Castle
22:42
Imperial
—
| APM avg | 57.8 |
| APM peak | 91 |
| eAPM avg | 22.3 |
| Villagers / military | 92 / 32 |
Focus
⚔️ 33.3% · 🌾 66.7%
Cavalry Archer ×23 · Scout Cavalry ×7 · Monk ×1 · Mangonel ×1
Feudal
13:37
Castle
20:27
Imperial
—
| APM avg | 31.5 |
| APM peak | 72 |
| eAPM avg | 15.1 |
| Villagers / military | 103 / 12 |
Focus
⚔️ 35.7% · 🌾 64.3%
Unknown (2550) ×43 · Petard ×7 · Kamayuk ×4 · Monk ×1
Feudal
13:34
Castle
17:08
Imperial
—
| APM avg | 34.0 |
| APM peak | 60 |
| eAPM avg | 19.0 |
| Villagers / military | 122 / 36 |
Focus
⚔️ 27.8% · 🌾 72.2%
Huskarl ×16 · Monk ×12 · Spearman ×8
Feudal
13:28
Castle
17:24
Imperial
—
| APM avg | 30.7 |
| APM peak | 58 |
| eAPM avg | 19.3 |
| Villagers / military | 120 / 54 |
Focus
⚔️ 30.2% · 🌾 69.8%
Camel Scout ×50 · Mangonel ×4
Match map
Initial resources + every placement click. Lines = walls · curves = elevation contours. ◆ gold · ⬟ stone · ● berries · ✦ relic · ◌ wall gap
Your base· Open — 11t gap
chenst2020's base· Open — unwalled flank
Medina90's base· Open — unwalled flank
CTM | חב"ד ליובאוויט's base· Open — unwalled flank
明太宗Judy's base· Open — unwalled flank
ePsilon's base· Open — unwalled flank
lizanan's base· Open — unwalled flank
Osho's base· Open — 11t gap
Smoothed initial terrain · ◌ = detected wall gap · hover for details
Inputs per minute
— TdB.Red Matador - - chenst2020
Build order — TdB.Red Matador
First 150 of 172 actions detected
| 0:27 | Build | House |
| 0:43 | Build | Town Center |
| 2:47 | Build | Palisade Wall |
| 2:55 | Build | Palisade Wall |
| 2:56 | Create | Villager (Male) |
| 2:56 | Create | Villager (Male) |
| 2:56 | Create | Villager (Male) |
| 3:03 | Build | Palisade Wall |
| 3:09 | Create | Villager (Male) |
| 3:18 | Build | Palisade Wall |
| 3:31 | Build | Palisade Wall |
| 3:42 | Build | Palisade Wall |
| 3:59 | Build | Palisade Wall |
| 4:03 | Build | Palisade Wall |
| 4:06 | Build | Palisade Wall |
| 4:14 | Create | Villager (Male) |
| 4:14 | Create | Villager (Male) |
| 4:15 | Create | Villager (Male) |
| 4:38 | Create | Villager (Male) |
| 4:38 | Create | Villager (Male) |
| 4:52 | Create | Villager (Male) |
| 5:47 | Research | Loom |
| 6:11 | Create | Villager (Male) |
| 6:11 | Create | Villager (Male) |
| 6:11 | Create | Villager (Male) |
| 6:12 | Create | Villager (Male) |
| 6:15 | Build | Lumber Camp |
| 6:18 | Build | House |
| 7:03 | Create | Villager (Male) |
| 7:03 | Create | Villager (Male) |
| 7:04 | Create | Villager (Male) |
| 7:24 | Build | House |
| 7:25 | Build | House |
| 8:42 | Create | Villager (Male) |
| 8:55 | Build | Mill |
| 9:09 | Create | Villager (Male) |
| 9:28 | Create | Villager (Male) |
| 9:49 | Create | Villager (Male) |
| 9:50 | Create | Villager (Male) |
| 10:31 | Build | Mining Camp |
| 10:45 | Build | Outpost |
| 10:56 | Research | Feudal Age |
| 10:56 | Research | Feudal Age |
| 10:56 | Research | Feudal Age |
| 11:04 | Build | House |
| 11:14 | Build | Palisade Wall |
| 11:16 | Build | Palisade Wall |
| 11:19 | Build | Palisade Wall |
| 11:23 | Create | Villager (Male) |
| 12:09 | Create | Villager (Male) |
| 13:06 | Age | Feudal Age |
| 13:10 | Build | Watch Tower |
| 13:47 | Build | Watch Tower |
| 13:56 | Create | Villager (Male) |
| 14:01 | Create | Villager (Male) |
| 14:11 | Create | Villager (Male) |
| 14:39 | Build | Blacksmith |
| 15:00 | Build | Watch Tower |
| 15:15 | Create | Villager (Male) |
| 15:19 | Build | Farm |
| 15:20 | Build | Farm |
| 15:20 | Build | Farm |
| 15:20 | Build | Farm |
| 15:31 | Build | Stone Wall |
| 15:33 | Build | Stone Wall |
| 15:37 | Build | Stone Wall |
| 15:40 | Create | Villager (Male) |
| 16:06 | Build | House |
| 16:25 | Create | Villager (Male) |
| 16:35 | Build | Market |
| 16:49 | Create | Villager (Male) |
| 16:54 | Build | Farm |
| 17:15 | Build | House |
| 17:19 | Build | Palisade Wall |
| 17:21 | Create | Villager (Male) |
| 17:29 | Build | Farm |
| 17:36 | Build | Farm |
| 17:45 | Create | Villager (Male) |
| 18:08 | Build | Farm |
| 18:12 | Create | Villager (Male) |
| 18:20 | Create | Villager (Male) |
| 19:07 | Research | Castle Age |
| 19:47 | Research | Double-Bit Axe |
| 20:14 | Research | Horse Collar |
| 20:31 | Build | House |
| 21:02 | Create | Villager (Male) |
| 21:03 | Create | Villager (Male) |
| 21:46 | Age | Castle Age |
| 21:53 | Build | Castle |
| 22:13 | Create | Villager (Male) |
| 22:15 | Create | Villager (Male) |
| 23:12 | Create | Woad Raider |
| 23:12 | Create | Woad Raider |
| 23:30 | Build | Mining Camp |
| 23:31 | Create | Villager (Male) |
| 23:31 | Create | Villager (Male) |
| 23:32 | Create | Villager (Male) |
| 23:57 | Create | Villager (Male) |
| 23:57 | Create | Villager (Male) |
| 23:57 | Create | Villager (Male) |
| 24:20 | Create | Woad Raider |
| 24:20 | Create | Woad Raider |
| 24:20 | Create | Woad Raider |
| 24:46 | Create | Woad Raider |
| 24:46 | Create | Woad Raider |
| 24:46 | Create | Woad Raider |
| 25:13 | Create | Villager (Male) |
| 25:16 | Build | Siege Workshop |
| 25:57 | Create | Woad Raider |
| 25:57 | Create | Woad Raider |
| 25:57 | Create | Woad Raider |
| 26:24 | Create | Villager (Male) |
| 27:52 | Build | Town Center |
| 30:15 | Create | Villager (Male) |
| 30:15 | Create | Villager (Male) |
| 30:16 | Create | Villager (Male) |
| 30:22 | Build | House |
| 30:34 | Build | House |
| 30:49 | Build | Town Center |
| 31:01 | Build | House |
| 31:05 | Build | House |
| 31:17 | Create | Villager (Male) |
| 31:17 | Create | Villager (Male) |
| 31:58 | Create | Villager (Male) |
| 31:59 | Create | Villager (Male) |
| 32:16 | Build | Farm |
| 32:17 | Build | Farm |
| 32:17 | Build | Farm |
| 32:17 | Build | Farm |
| 32:18 | Build | Farm |
| 32:23 | Create | Villager (Male) |
| 32:26 | Create | Villager (Male) |
| 32:27 | Create | Villager (Male) |
| 32:27 | Create | Villager (Male) |
| 32:27 | Create | Villager (Male) |
| 32:27 | Create | Villager (Male) |
| 32:27 | Create | Villager (Male) |
| 32:28 | Create | Villager (Male) |
| 32:28 | Create | Villager (Male) |
| 32:31 | Build | Farm |
| 32:36 | Build | Farm |
| 32:42 | Build | Farm |
| 32:51 | Build | Farm |
| 32:55 | Build | Farm |
| 33:14 | Build | Farm |
| 33:14 | Build | Farm |
| 33:33 | Build | Monastery |
| 33:37 | Build | Mining Camp |
| 33:42 | Create | Villager (Male) |
| 33:42 | Create | Villager (Male) |
Build order — chenst2020
First 150 of 242 actions detected
| 1:01 | Build | Lumber Camp |
| 1:28 | Build | Town Center |
| 1:47 | Build | House |
| 1:52 | Build | Palisade Wall |
| 3:43 | Create | Villager (Male) |
| 3:44 | Create | Villager (Male) |
| 3:44 | Create | Villager (Male) |
| 3:44 | Create | Villager (Male) |
| 3:45 | Create | Villager (Male) |
| 5:15 | Build | House |
| 5:22 | Create | Villager (Male) |
| 5:42 | Research | Loom |
| 6:00 | Create | Villager (Male) |
| 6:19 | Build | House |
| 6:28 | Build | House |
| 6:34 | Create | Villager (Male) |
| 6:35 | Create | Villager (Male) |
| 6:54 | Build | House |
| 7:05 | Create | Villager (Male) |
| 7:52 | Build | Mill |
| 7:55 | Create | Villager (Male) |
| 7:55 | Create | Villager (Male) |
| 8:45 | Create | Villager (Male) |
| 8:46 | Create | Villager (Male) |
| 9:07 | Create | Villager (Male) |
| 9:25 | Build | Lumber Camp |
| 9:28 | Create | Villager (Male) |
| 9:56 | Create | Villager (Male) |
| 10:23 | Create | Villager (Male) |
| 10:57 | Create | Villager (Male) |
| 11:15 | Create | Villager (Male) |
| 11:31 | Build | Mill |
| 11:39 | Create | Villager (Male) |
| 11:56 | Create | Villager (Male) |
| 12:10 | Build | House |
| 12:22 | Create | Villager (Male) |
| 12:29 | Build | House |
| 13:00 | Build | House |
| 13:21 | Create | Villager (Male) |
| 13:30 | Build | Barracks |
| 13:35 | Research | Feudal Age |
| 15:15 | Create | Villager (Male) |
| 15:56 | Age | Feudal Age |
| 15:59 | Build | Archery Range |
| 16:11 | Build | Blacksmith |
| 16:21 | Create | Villager (Male) |
| 16:45 | Create | Villager (Male) |
| 16:47 | Build | House |
| 17:07 | Research | Castle Age |
| 17:19 | Build | Gate |
| 17:25 | Build | Stone Wall |
| 17:27 | Build | Stone Wall |
| 17:31 | Build | Stone Wall |
| 17:35 | Build | Stone Wall |
| 17:37 | Build | Stone Wall |
| 17:58 | Build | Stone Wall |
| 18:01 | Build | Stone Wall |
| 18:10 | Build | Stone Wall |
| 18:32 | Research | Double-Bit Axe |
| 18:42 | Build | Stone Wall |
| 19:10 | Create | Villager (Male) |
| 19:25 | Build | Stone Wall |
| 19:29 | Build | Stone Wall |
| 19:30 | Build | Stone Wall |
| 19:35 | Research | Fletching |
| 19:51 | Age | Castle Age |
| 19:56 | Build | Town Center |
| 20:02 | Create | Villager (Male) |
| 20:21 | Build | Archery Range |
| 20:26 | Create | Villager (Male) |
| 20:35 | Build | University |
| 20:40 | Create | Villager (Male) |
| 21:13 | Build | House |
| 21:21 | Create | Villager (Male) |
| 21:21 | Create | Villager (Male) |
| 21:24 | Create | Villager (Male) |
| 21:25 | Create | Villager (Male) |
| 21:36 | Create | Villager (Male) |
| 21:38 | Build | Mining Camp |
| 21:50 | Build | Town Center |
| 21:52 | Create | Villager (Male) |
| 22:00 | Research | Wheelbarrow |
| 22:14 | Research | Gold Mining |
| 22:19 | Create | Villager (Male) |
| 22:28 | Create | Villager (Male) |
| 22:55 | Create | Villager (Male) |
| 23:14 | Research | Bow Saw |
| 23:35 | Build | Pasture |
| 23:38 | Create | Villager (Male) |
| 23:43 | Create | Cavalry Archer |
| 23:44 | Create | Cavalry Archer |
| 23:46 | Create | Villager (Male) |
| 23:56 | Create | Cavalry Archer |
| 24:00 | Create | Villager (Male) |
| 24:20 | Build | Pasture |
| 24:23 | Build | Pasture |
| 24:27 | Create | Villager (Male) |
| 24:28 | Create | Villager (Male) |
| 24:32 | Create | Cavalry Archer |
| 24:33 | Create | Cavalry Archer |
| 24:43 | Build | Pasture |
| 24:45 | Create | Villager (Male) |
| 24:50 | Build | Mill |
| 24:59 | Create | Villager (Male) |
| 25:07 | Create | Villager (Male) |
| 25:10 | Create | Cavalry Archer |
| 25:10 | Create | Cavalry Archer |
| 25:17 | Create | Villager (Male) |
| 25:29 | Create | Cavalry Archer |
| 25:30 | Create | Cavalry Archer |
| 25:31 | Create | Villager (Male) |
| 25:31 | Create | Villager (Male) |
| 25:37 | Build | Pasture |
| 25:40 | Create | Cavalry Archer |
| 25:40 | Create | Cavalry Archer |
| 25:56 | Create | Cavalry Archer |
| 25:56 | Create | Cavalry Archer |
| 25:57 | Create | Villager (Male) |
| 25:58 | Create | Villager (Male) |
| 25:58 | Create | Villager (Male) |
| 26:01 | Create | Villager (Male) |
| 26:03 | Build | House |
| 26:03 | Build | House |
| 26:03 | Build | House |
| 26:04 | Build | House |
| 26:07 | Build | House |
| 26:07 | Build | House |
| 26:26 | Create | Cavalry Archer |
| 26:27 | Create | Cavalry Archer |
| 27:29 | Create | Villager (Male) |
| 27:29 | Create | Villager (Male) |
| 27:29 | Create | Villager (Male) |
| 27:30 | Create | Villager (Male) |
| 27:30 | Create | Villager (Male) |
| 27:32 | Research | Ballistics |
| 27:37 | Research | Bodkin Arrow |
| 27:43 | Create | Villager (Male) |
| 27:46 | Build | Pasture |
| 27:46 | Build | Pasture |
| 27:47 | Build | Pasture |
| 27:47 | Build | Pasture |
| 27:47 | Build | Pasture |
| 28:03 | Research | Stone Mining |
| 28:06 | Research | Hand Cart |
| 28:07 | Create | Villager (Male) |
| 28:11 | Build | Mill |
| 28:23 | Research | Padded Archer Armor |
| 28:44 | Research | Thumb Ring |
| 29:20 | Create | Villager (Male) |
| 29:20 | Create | Villager (Male) |
Build order — Medina90
First 150 of 270 actions detected
| 0:55 | Build | Town Center |
| 3:01 | Create | Villager (Male) |
| 3:01 | Create | Villager (Male) |
| 3:02 | Create | Villager (Male) |
| 3:02 | Create | Villager (Male) |
| 3:53 | Build | House |
| 3:57 | Research | Loom |
| 3:58 | Create | Villager (Male) |
| 3:59 | Create | Villager (Male) |
| 4:24 | Create | Villager (Male) |
| 4:25 | Create | Villager (Male) |
| 4:57 | Create | Villager (Male) |
| 4:57 | Create | Villager (Male) |
| 5:04 | Build | House |
| 5:40 | Create | Villager (Male) |
| 5:49 | Create | Villager (Male) |
| 6:51 | Create | Villager (Male) |
| 6:51 | Create | Villager (Male) |
| 7:11 | Create | Villager (Male) |
| 7:11 | Create | Villager (Male) |
| 7:12 | Create | Villager (Male) |
| 7:18 | Build | Mill |
| 7:26 | Create | Villager (Male) |
| 7:27 | Create | Villager (Male) |
| 8:24 | Create | Villager (Male) |
| 8:24 | Create | Villager (Male) |
| 8:25 | Create | Villager (Male) |
| 8:39 | Build | House |
| 11:00 | Create | Villager (Male) |
| 11:05 | Build | House |
| 11:10 | Create | Villager (Male) |
| 11:11 | Create | Villager (Male) |
| 11:12 | Create | Villager (Male) |
| 12:13 | Build | Lumber Camp |
| 12:23 | Create | Villager (Male) |
| 12:56 | Research | Feudal Age |
| 13:51 | Build | Lumber Camp |
| 14:13 | Build | House |
| 14:18 | Age | Feudal Age |
| 14:20 | Create | Villager (Male) |
| 14:20 | Create | Villager (Male) |
| 14:46 | Build | Mill |
| 15:01 | Build | Blacksmith |
| 15:06 | Create | Villager (Male) |
| 15:10 | Create | Villager (Male) |
| 15:38 | Build | House |
| 15:49 | Build | Market |
| 15:56 | Create | Villager (Male) |
| 15:56 | Create | Villager (Male) |
| 16:51 | Research | Castle Age |
| 16:52 | Research | Castle Age |
| 17:09 | Build | Barracks |
| 17:17 | Build | House |
| 17:18 | Build | House |
| 17:29 | Research | Double-Bit Axe |
| 17:35 | Build | House |
| 17:37 | Build | House |
| 17:38 | Build | Palisade Wall |
| 17:59 | Create | Villager (Male) |
| 17:59 | Create | Villager (Male) |
| 18:06 | Build | Stable |
| 18:27 | Age | Castle Age |
| 18:41 | Build | Mill |
| 19:05 | Create | Scout Cavalry |
| 19:08 | Create | Battle Elephant |
| 19:09 | Create | Battle Elephant |
| 19:10 | Create | Battle Elephant |
| 19:20 | Create | Villager (Male) |
| 19:20 | Create | Villager (Male) |
| 19:21 | Create | Villager (Male) |
| 19:41 | Build | Palisade Gate |
| 19:45 | Build | Palisade Wall |
| 19:54 | Build | Mill |
| 19:57 | Create | Villager (Male) |
| 19:57 | Create | Villager (Male) |
| 20:32 | Build | Farm |
| 20:32 | Build | Farm |
| 20:32 | Build | Farm |
| 20:33 | Build | Farm |
| 20:33 | Build | Farm |
| 20:33 | Build | Farm |
| 20:33 | Build | Farm |
| 20:34 | Build | Farm |
| 20:34 | Build | Farm |
| 20:34 | Build | Farm |
| 20:42 | Create | Villager (Male) |
| 20:43 | Create | Battle Elephant |
| 21:03 | Create | Villager (Male) |
| 21:23 | Create | Villager (Male) |
| 21:36 | Create | Villager (Male) |
| 21:50 | Create | Battle Elephant |
| 21:51 | Create | Battle Elephant |
| 21:51 | Create | Battle Elephant |
| 22:08 | Create | Villager (Male) |
| 22:29 | Build | Town Center |
| 22:32 | Research | Wheelbarrow |
| 22:50 | Build | Lumber Camp |
| 22:53 | Create | Battle Elephant |
| 22:54 | Create | Battle Elephant |
| 23:18 | Create | Villager (Male) |
| 23:18 | Create | Villager (Male) |
| 23:18 | Create | Villager (Male) |
| 24:07 | Create | Battle Elephant |
| 24:07 | Create | Battle Elephant |
| 24:15 | Build | Farm |
| 24:15 | Build | Farm |
| 24:15 | Build | Farm |
| 24:15 | Build | Farm |
| 24:16 | Build | Farm |
| 24:16 | Build | Farm |
| 24:16 | Build | Farm |
| 24:16 | Build | Farm |
| 24:17 | Build | Farm |
| 24:17 | Build | Farm |
| 24:29 | Build | Farm |
| 24:35 | Build | Farm |
| 24:38 | Create | Villager (Male) |
| 24:38 | Create | Villager (Male) |
| 24:38 | Create | Villager (Male) |
| 25:10 | Create | Villager (Male) |
| 25:10 | Create | Villager (Male) |
| 25:17 | Build | House |
| 25:19 | Build | House |
| 25:20 | Build | House |
| 25:21 | Build | House |
| 25:24 | Create | Villager (Male) |
| 25:24 | Create | Villager (Male) |
| 25:27 | Build | House |
| 25:52 | Create | Villager (Male) |
| 25:53 | Create | Villager (Male) |
| 25:53 | Create | Villager (Male) |
| 26:09 | Create | Villager (Male) |
| 26:09 | Create | Villager (Male) |
| 26:24 | Build | Town Center |
| 26:34 | Create | Villager (Male) |
| 26:34 | Create | Villager (Male) |
| 26:55 | Create | Battle Elephant |
| 26:55 | Create | Battle Elephant |
| 27:09 | Build | Farm |
| 27:09 | Build | Farm |
| 27:10 | Build | Farm |
| 27:10 | Build | Farm |
| 27:10 | Build | Farm |
| 27:11 | Build | Farm |
| 27:11 | Build | Farm |
| 27:11 | Build | Farm |
| 27:12 | Build | Farm |
| 27:13 | Build | Farm |
| 27:13 | Build | Farm |
| 27:13 | Build | Farm |
Build order — CTM | חב"ד ליובאוויט
First 150 of 246 actions detected
| 0:14 | Build | Town Center |
| 2:14 | Build | House |
| 2:39 | Create | Villager (Male) |
| 2:39 | Create | Villager (Male) |
| 2:39 | Create | Villager (Male) |
| 2:40 | Create | Villager (Male) |
| 4:19 | Create | Villager (Male) |
| 4:20 | Create | Villager (Male) |
| 4:48 | Build | House |
| 5:06 | Create | Villager (Male) |
| 5:24 | Build | House |
| 5:36 | Create | Villager (Male) |
| 5:36 | Create | Villager (Male) |
| 5:36 | Create | Villager (Male) |
| 5:38 | Build | House |
| 5:41 | Create | Villager (Male) |
| 6:12 | Build | Lumber Camp |
| 6:36 | Build | House |
| 6:37 | Create | Villager (Male) |
| 6:48 | Create | Villager (Male) |
| 6:48 | Create | Villager (Male) |
| 7:05 | Create | Villager (Male) |
| 7:05 | Create | Villager (Male) |
| 7:05 | Create | Villager (Male) |
| 7:30 | Create | Villager (Male) |
| 7:31 | Create | Villager (Male) |
| 7:46 | Create | Villager (Male) |
| 8:01 | Create | Villager (Male) |
| 8:56 | Build | Barracks |
| 9:25 | Build | House |
| 9:46 | Research | Feudal Age |
| 9:48 | Create | Militia |
| 9:48 | Create | Militia |
| 10:11 | Create | Militia |
| 11:07 | Build | Mining Camp |
| 11:18 | Build | House |
| 11:28 | Create | Villager (Male) |
| 11:51 | Create | Militia |
| 11:55 | Build | House |
| 11:56 | Age | Feudal Age |
| 12:02 | Research | Man-at-Arms (upgrade) |
| 12:02 | Research | Man-at-Arms (upgrade) |
| 12:04 | Create | Villager (Male) |
| 12:08 | Research | Double-Bit Axe |
| 12:09 | Create | Villager (Male) |
| 12:15 | Create | Villager (Male) |
| 12:22 | Create | Villager (Male) |
| 12:24 | Build | House |
| 12:24 | Create | Villager (Male) |
| 12:43 | Build | Mill |
| 12:50 | Research | Arson |
| 12:50 | Research | Arson |
| 13:15 | Build | Market |
| 13:18 | Create | Villager (Male) |
| 13:36 | Create | Villager (Male) |
| 13:43 | Research | Loom |
| 13:44 | Research | Loom |
| 13:48 | Create | Villager (Male) |
| 13:58 | Create | Villager (Male) |
| 14:10 | Create | Villager (Male) |
| 14:19 | Build | Watch Tower |
| 14:20 | Create | Villager (Male) |
| 14:36 | Build | Stone Wall |
| 14:50 | Create | Villager (Male) |
| 14:54 | Build | Stone Wall |
| 14:56 | Build | Stone Wall |
| 15:04 | Create | Villager (Male) |
| 15:06 | Create | Villager (Male) |
| 15:10 | Create | Villager (Male) |
| 15:20 | Create | Villager (Male) |
| 15:24 | Create | Villager (Male) |
| 15:39 | Build | Mill |
| 15:45 | Build | Mining Camp |
| 16:37 | Build | Mill |
| 16:42 | Build | Stable |
| 16:54 | Create | Spearman |
| 16:58 | Create | Spearman |
| 17:38 | Research | Castle Age |
| 17:38 | Research | Castle Age |
| 17:55 | Create | Spearman |
| 18:34 | Create | Spearman |
| 18:42 | Build | House |
| 19:19 | Create | Scout Cavalry |
| 19:31 | Create | Spearman |
| 19:35 | Research | Bloodlines |
| 19:35 | Research | Bloodlines |
| 20:18 | Age | Castle Age |
| 20:20 | Build | House |
| 20:23 | Build | Lumber Camp |
| 20:27 | Build | Blacksmith |
| 20:29 | Create | Villager (Male) |
| 20:31 | Create | Villager (Male) |
| 20:41 | Build | Town Center |
| 20:49 | Build | Palisade Wall |
| 20:55 | Create | Villager (Male) |
| 21:13 | Create | Camel Scout |
| 21:22 | Create | Villager (Male) |
| 21:33 | Build | Siege Workshop |
| 21:34 | Create | Villager (Male) |
| 21:40 | Create | Villager (Male) |
| 21:46 | Create | Villager (Male) |
| 21:47 | Create | Camel Scout |
| 22:01 | Create | Battering Ram |
| 22:39 | Create | Villager (Male) |
| 22:54 | Create | Battering Ram |
| 23:32 | Create | Battering Ram |
| 23:32 | Create | Battering Ram |
| 23:47 | Build | Town Center |
| 24:33 | Build | Castle |
| 25:44 | Create | Battering Ram |
| 27:16 | Build | Mill |
| 27:51 | Create | Villager (Male) |
| 27:51 | Create | Villager (Male) |
| 28:32 | Build | Farm |
| 28:34 | Build | Farm |
| 28:36 | Create | Villager (Male) |
| 28:37 | Create | Villager (Male) |
| 28:37 | Create | Villager (Male) |
| 28:41 | Create | Villager (Male) |
| 28:41 | Create | Villager (Male) |
| 28:42 | Create | Villager (Male) |
| 28:42 | Create | Villager (Male) |
| 28:46 | Build | Farm |
| 28:53 | Research | Horse Collar |
| 28:54 | Research | Horse Collar |
| 28:55 | Create | Villager (Male) |
| 29:02 | Build | Lumber Camp |
| 29:09 | Build | Farm |
| 29:24 | Create | Villager (Male) |
| 29:33 | Build | Outpost |
| 29:44 | Create | Villager (Male) |
| 29:48 | Build | Farm |
| 29:48 | Build | Farm |
| 29:48 | Build | Farm |
| 29:51 | Build | Farm |
| 30:02 | Create | Villager (Male) |
| 30:02 | Create | Villager (Male) |
| 30:02 | Create | Villager (Male) |
| 30:02 | Create | Villager (Male) |
| 30:04 | Build | Farm |
| 30:05 | Build | Farm |
| 30:05 | Build | Farm |
| 30:05 | Build | Farm |
| 30:22 | Build | Farm |
| 30:22 | Create | Villager (Male) |
| 30:23 | Create | Villager (Male) |
| 30:35 | Build | Farm |
| 30:37 | Build | Farm |
| 30:40 | Create | Villager (Male) |
| 30:40 | Create | Villager (Male) |
Build order — 明太宗Judy
First 150 of 229 actions detected
| 0:58 | Build | Town Center |
| 2:59 | Build | House |
| 3:10 | Create | Villager (Male) |
| 3:10 | Create | Villager (Male) |
| 3:11 | Create | Villager (Male) |
| 3:51 | Create | Villager (Male) |
| 3:52 | Create | Villager (Male) |
| 4:21 | Create | Villager (Male) |
| 4:21 | Create | Villager (Male) |
| 4:41 | Create | Villager (Male) |
| 5:06 | Create | Villager (Male) |
| 5:20 | Build | House |
| 6:03 | Create | Villager (Male) |
| 6:06 | Build | House |
| 6:25 | Build | House |
| 6:30 | Build | House |
| 6:34 | Create | Villager (Male) |
| 6:43 | Build | House |
| 6:54 | Create | Villager (Male) |
| 7:11 | Create | Villager (Male) |
| 7:30 | Build | House |
| 7:45 | Create | Villager (Male) |
| 7:56 | Build | Lumber Camp |
| 8:10 | Create | Villager (Male) |
| 8:22 | Create | Villager (Male) |
| 9:00 | Create | Villager (Male) |
| 9:29 | Create | Villager (Male) |
| 9:53 | Create | Villager (Male) |
| 10:15 | Build | Mill |
| 10:16 | Create | Villager (Male) |
| 10:22 | Research | Loom |
| 10:41 | Research | Feudal Age |
| 10:41 | Research | Feudal Age |
| 10:46 | Build | House |
| 11:31 | Build | House |
| 11:33 | Build | Palisade Wall |
| 11:34 | Build | Palisade Wall |
| 11:34 | Build | Palisade Wall |
| 12:17 | Build | Barracks |
| 12:29 | Create | Villager (Male) |
| 12:57 | Age | Feudal Age |
| 12:59 | Build | Stable |
| 13:02 | Create | Villager (Male) |
| 13:13 | Build | House |
| 13:18 | Research | Double-Bit Axe |
| 13:35 | Create | Villager (Male) |
| 13:41 | Create | Scout Cavalry |
| 13:41 | Create | Scout Cavalry |
| 13:55 | Create | Villager (Male) |
| 14:14 | Build | Mill |
| 14:17 | Build | House |
| 14:18 | Build | Palisade Wall |
| 14:25 | Create | Villager (Male) |
| 14:28 | Research | Horse Collar |
| 14:28 | Research | Horse Collar |
| 14:32 | Create | Scout Cavalry |
| 14:44 | Create | Villager (Male) |
| 14:52 | Build | Palisade Wall |
| 15:01 | Create | Scout Cavalry |
| 15:12 | Create | Villager (Male) |
| 15:17 | Create | Scout Cavalry |
| 15:42 | Create | Villager (Male) |
| 16:12 | Create | Villager (Male) |
| 16:14 | Build | Farm |
| 16:15 | Build | Farm |
| 16:16 | Build | Farm |
| 16:16 | Build | Farm |
| 16:16 | Build | Farm |
| 16:16 | Build | Farm |
| 16:16 | Build | Farm |
| 16:23 | Build | Farm |
| 16:29 | Create | Villager (Male) |
| 16:53 | Build | Mining Camp |
| 16:58 | Build | Mill |
| 17:02 | Create | Villager (Male) |
| 17:04 | Build | Farm |
| 17:16 | Create | Villager (Male) |
| 17:48 | Create | Villager (Male) |
| 17:50 | Create | Scout Cavalry |
| 18:11 | Build | Market |
| 18:13 | Build | House |
| 18:15 | Create | Villager (Male) |
| 18:20 | Create | Scout Cavalry |
| 18:23 | Build | House |
| 18:41 | Create | Villager (Male) |
| 18:42 | Build | Farm |
| 19:09 | Create | Villager (Male) |
| 19:24 | Create | Villager (Male) |
| 19:59 | Research | Castle Age |
| 20:00 | Research | Castle Age |
| 20:02 | Build | Palisade Wall |
| 20:09 | Build | Palisade Wall |
| 20:16 | Research | Gold Mining |
| 20:21 | Build | Palisade Wall |
| 20:26 | Build | Archery Range |
| 21:35 | Build | House |
| 22:16 | Create | Villager (Male) |
| 22:42 | Age | Castle Age |
| 22:46 | Create | Cavalry Archer |
| 22:46 | Create | Cavalry Archer |
| 22:48 | Create | Villager (Male) |
| 22:50 | Research | Bow Saw |
| 23:12 | Build | Town Center |
| 23:14 | Create | Villager (Male) |
| 23:33 | Build | Farm |
| 23:46 | Create | Cavalry Archer |
| 23:57 | Create | Cavalry Archer |
| 24:02 | Create | Villager (Male) |
| 24:14 | Create | Villager (Male) |
| 24:30 | Create | Villager (Male) |
| 24:56 | Create | Villager (Male) |
| 25:02 | Create | Villager (Male) |
| 25:02 | Create | Villager (Male) |
| 25:13 | Create | Villager (Male) |
| 25:25 | Build | Town Center |
| 25:37 | Create | Villager (Male) |
| 25:39 | Create | Cavalry Archer |
| 25:45 | Create | Villager (Male) |
| 25:59 | Create | Cavalry Archer |
| 25:59 | Create | Cavalry Archer |
| 25:59 | Create | Villager (Male) |
| 26:11 | Build | House |
| 26:11 | Build | House |
| 26:14 | Research | Wheelbarrow |
| 26:15 | Research | Town Watch |
| 26:15 | Research | Town Watch |
| 26:17 | Create | Villager (Male) |
| 26:32 | Create | Villager (Male) |
| 26:34 | Build | Blacksmith |
| 26:50 | Create | Villager (Male) |
| 26:51 | Build | Lumber Camp |
| 27:06 | Create | Cavalry Archer |
| 27:07 | Research | Fletching |
| 27:07 | Research | Fletching |
| 27:08 | Create | Villager (Male) |
| 27:13 | Create | Villager (Male) |
| 27:34 | Create | Villager (Male) |
| 27:34 | Create | Villager (Male) |
| 27:41 | Build | Archery Range |
| 27:46 | Create | Villager (Male) |
| 27:53 | Create | Villager (Male) |
| 27:54 | Create | Villager (Male) |
| 27:58 | Create | Cavalry Archer |
| 27:58 | Create | Cavalry Archer |
| 28:04 | Research | Bodkin Arrow |
| 28:04 | Research | Bodkin Arrow |
| 28:06 | Create | Villager (Male) |
| 28:08 | Create | Villager (Male) |
| 28:11 | Build | Farm |
| 28:12 | Build | Farm |
Build order — ePsilon
First 150 of 243 actions detected
| 0:07 | Build | Town Center |
| 0:58 | Build | Settlement |
| 1:44 | Build | House |
| 2:41 | Create | Villager (Male) |
| 2:41 | Create | Villager (Male) |
| 2:52 | Create | Villager (Male) |
| 3:02 | Create | Villager (Male) |
| 3:34 | Create | Villager (Male) |
| 4:20 | Create | Villager (Male) |
| 5:05 | Create | Villager (Male) |
| 5:09 | Create | Villager (Male) |
| 5:21 | Create | Villager (Male) |
| 6:18 | Create | Villager (Male) |
| 6:21 | Create | Villager (Male) |
| 6:31 | Create | Villager (Male) |
| 6:43 | Create | Villager (Male) |
| 7:46 | Create | Villager (Male) |
| 7:59 | Create | Villager (Male) |
| 8:10 | Create | Villager (Male) |
| 8:19 | Create | Villager (Male) |
| 8:30 | Create | Villager (Male) |
| 8:45 | Create | Villager (Male) |
| 8:52 | Build | Settlement |
| 9:03 | Create | Villager (Male) |
| 9:22 | Create | Villager (Male) |
| 9:43 | Create | Villager (Male) |
| 11:03 | Research | Feudal Age |
| 11:20 | Build | Barracks |
| 12:01 | Create | Unit 2550 |
| 12:14 | Build | Settlement |
| 12:24 | Create | Villager (Male) |
| 12:48 | Create | Villager (Male) |
| 13:14 | Create | Villager (Male) |
| 13:27 | Create | Unit 2550 |
| 13:27 | Create | Unit 2550 |
| 13:36 | Create | Villager (Male) |
| 13:37 | Age | Feudal Age |
| 13:41 | Research | Horse Collar |
| 13:42 | Research | Double-Bit Axe |
| 14:04 | Create | Villager (Male) |
| 14:08 | Create | Villager (Male) |
| 14:21 | Create | Villager (Male) |
| 14:24 | Build | Farm |
| 14:26 | Build | Farm |
| 14:29 | Create | Villager (Male) |
| 14:32 | Build | Farm |
| 14:35 | Build | Farm |
| 14:43 | Create | Unit 2550 |
| 14:43 | Create | Unit 2550 |
| 14:49 | Research | Tech 1402 |
| 14:53 | Create | Villager (Male) |
| 14:59 | Build | Farm |
| 15:05 | Research | Loom |
| 15:06 | Research | Wheelbarrow |
| 15:17 | Create | Villager (Male) |
| 15:35 | Create | Villager (Male) |
| 15:47 | Create | Villager (Male) |
| 15:59 | Build | Blacksmith |
| 16:05 | Build | Archery Range |
| 16:17 | Create | Villager (Male) |
| 16:37 | Create | Villager (Male) |
| 16:46 | Create | Villager (Male) |
| 16:54 | Build | Farm |
| 16:56 | Build | Farm |
| 16:57 | Build | Farm |
| 17:34 | Research | Castle Age |
| 17:49 | Research | Gold Mining |
| 17:58 | Research | Forging |
| 18:00 | Create | Villager (Male) |
| 18:16 | Create | Villager (Male) |
| 18:46 | Create | Villager (Male) |
| 18:50 | Build | Archery Range |
| 18:52 | Build | House |
| 19:03 | Create | Villager (Male) |
| 19:13 | Create | Villager (Male) |
| 20:03 | Research | Fletching |
| 20:27 | Age | Castle Age |
| 20:28 | Create | Petard |
| 20:28 | Create | Petard |
| 20:30 | Create | Villager (Male) |
| 20:36 | Build | Town Center |
| 20:38 | Create | Villager (Male) |
| 20:52 | Create | Petard |
| 20:52 | Create | Petard |
| 21:00 | Build | House |
| 21:07 | Research | Tech 1351 |
| 21:13 | Build | Palisade Wall |
| 21:45 | Create | Villager (Male) |
| 21:47 | Create | Villager (Male) |
| 21:50 | Build | University |
| 21:54 | Create | Villager (Male) |
| 22:04 | Research | Heavy Plow |
| 22:08 | Create | Villager (Male) |
| 22:27 | Create | Villager (Male) |
| 22:28 | Create | Villager (Male) |
| 22:32 | Build | Farm |
| 22:35 | Build | Farm |
| 22:36 | Build | Farm |
| 22:43 | Create | Petard |
| 22:43 | Create | Petard |
| 23:00 | Create | Villager (Male) |
| 23:07 | Create | Villager (Male) |
| 23:17 | Create | Unit 2550 |
| 23:17 | Create | Unit 2550 |
| 23:29 | Create | Villager (Male) |
| 23:33 | Build | Settlement |
| 23:39 | Build | Settlement |
| 23:40 | Create | Villager (Male) |
| 23:45 | Create | Villager (Male) |
| 24:13 | Create | Villager (Male) |
| 24:21 | Build | Settlement |
| 24:28 | Create | Petard |
| 24:30 | Create | Unit 2550 |
| 24:30 | Create | Unit 2550 |
| 24:37 | Create | Villager (Male) |
| 24:39 | Build | Monastery |
| 24:50 | Create | Villager (Male) |
| 25:01 | Research | Bow Saw |
| 25:13 | Create | Villager (Male) |
| 25:28 | Create | Monk |
| 25:30 | Create | Villager (Male) |
| 25:34 | Research | Stone Mining |
| 25:46 | Build | Farm |
| 25:48 | Build | Farm |
| 25:53 | Build | Farm |
| 25:56 | Build | Farm |
| 26:15 | Create | Villager (Male) |
| 26:20 | Build | Farm |
| 26:30 | Build | Farm |
| 26:36 | Build | Farm |
| 26:46 | Create | Unit 2550 |
| 26:49 | Build | Barracks |
| 26:58 | Research | Hand Cart |
| 27:03 | Create | Villager (Male) |
| 27:17 | Research | Town Watch |
| 27:18 | Create | Villager (Male) |
| 27:37 | Create | Unit 2550 |
| 27:37 | Create | Unit 2550 |
| 27:55 | Research | Scale Mail Armor |
| 27:56 | Create | Villager (Male) |
| 27:58 | Create | Unit 2550 |
| 27:59 | Create | Unit 2550 |
| 28:10 | Build | Settlement |
| 28:33 | Create | Unit 2550 |
| 28:37 | Research | Arson |
| 28:41 | Research | Squires |
| 28:43 | Create | Villager (Male) |
| 28:46 | Create | Villager (Male) |
| 29:06 | Create | Villager (Male) |
| 29:09 | Create | Unit 2550 |
Build order — lizanan
First 150 of 280 actions detected
| 0:52 | Build | Town Center |
| 1:06 | Build | House |
| 2:55 | Create | Villager (Male) |
| 2:56 | Create | Villager (Male) |
| 2:56 | Create | Villager (Male) |
| 2:56 | Create | Villager (Male) |
| 4:00 | Build | Lumber Camp |
| 4:05 | Create | Villager (Male) |
| 4:43 | Create | Villager (Male) |
| 4:50 | Build | House |
| 5:11 | Create | Villager (Male) |
| 5:11 | Create | Villager (Male) |
| 5:36 | Research | Loom |
| 5:36 | Research | Loom |
| 5:49 | Build | House |
| 5:59 | Create | Villager (Male) |
| 5:59 | Create | Villager (Male) |
| 6:42 | Create | Villager (Male) |
| 6:58 | Build | House |
| 7:07 | Create | Villager (Male) |
| 7:07 | Create | Villager (Male) |
| 7:31 | Create | Villager (Male) |
| 7:31 | Create | Villager (Male) |
| 7:31 | Create | Villager (Male) |
| 8:15 | Create | Villager (Male) |
| 8:16 | Create | Villager (Male) |
| 8:31 | Build | Mill |
| 8:31 | Create | Villager (Male) |
| 8:31 | Create | Villager (Male) |
| 8:39 | Build | House |
| 9:21 | Create | Villager (Male) |
| 9:25 | Create | Villager (Male) |
| 9:30 | Create | Villager (Male) |
| 9:41 | Create | Villager (Male) |
| 9:47 | Create | Villager (Male) |
| 10:13 | Build | Mining Camp |
| 10:25 | Build | Mining Camp |
| 10:50 | Research | Feudal Age |
| 10:50 | Research | Feudal Age |
| 10:50 | Research | Feudal Age |
| 12:00 | Create | Villager (Male) |
| 12:12 | Build | Palisade Wall |
| 12:15 | Build | Palisade Wall |
| 12:16 | Build | Palisade Wall |
| 12:19 | Build | Palisade Wall |
| 12:35 | Create | Villager (Male) |
| 12:39 | Build | Palisade Wall |
| 12:41 | Build | Palisade Wall |
| 12:58 | Build | House |
| 13:34 | Age | Feudal Age |
| 13:37 | Create | Villager (Male) |
| 13:39 | Build | Blacksmith |
| 13:49 | Build | Market |
| 14:28 | Research | Castle Age |
| 14:28 | Research | Castle Age |
| 14:58 | Create | Villager (Male) |
| 15:33 | Research | Double-Bit Axe |
| 15:33 | Create | Villager (Male) |
| 15:36 | Create | Villager (Male) |
| 15:57 | Build | Palisade Wall |
| 15:59 | Build | Palisade Wall |
| 16:29 | Create | Villager (Male) |
| 17:08 | Age | Castle Age |
| 17:19 | Research | Bow Saw |
| 17:19 | Research | Bow Saw |
| 17:19 | Research | Bow Saw |
| 17:20 | Create | Villager (Male) |
| 17:35 | Build | Castle |
| 17:45 | Create | Villager (Male) |
| 18:03 | Build | Mining Camp |
| 18:33 | Create | Villager (Male) |
| 18:33 | Create | Villager (Male) |
| 18:34 | Create | Huskarl |
| 18:34 | Create | Huskarl |
| 18:48 | Create | Villager (Male) |
| 19:09 | Create | Huskarl |
| 19:13 | Create | Villager (Male) |
| 19:23 | Create | Huskarl |
| 19:59 | Build | Town Center |
| 20:35 | Build | Town Center |
| 20:46 | Create | Villager (Male) |
| 20:46 | Create | Villager (Male) |
| 20:49 | Build | Farm |
| 21:01 | Create | Villager (Male) |
| 21:01 | Create | Villager (Male) |
| 21:35 | Create | Huskarl |
| 21:35 | Create | Huskarl |
| 21:45 | Build | Farm |
| 21:53 | Create | Villager (Male) |
| 21:53 | Create | Villager (Male) |
| 22:02 | Build | Monastery |
| 22:18 | Build | Farm |
| 22:26 | Create | Monk |
| 22:27 | Create | Monk |
| 22:36 | Build | Mining Camp |
| 22:42 | Build | Farm |
| 22:51 | Create | Villager (Male) |
| 22:51 | Create | Villager (Male) |
| 23:06 | Build | Farm |
| 23:11 | Build | Farm |
| 23:22 | Research | Town Watch |
| 23:23 | Create | Villager (Male) |
| 23:23 | Create | Villager (Male) |
| 23:46 | Create | Villager (Male) |
| 23:46 | Create | Villager (Male) |
| 23:49 | Build | Farm |
| 23:50 | Build | Farm |
| 23:58 | Create | Monk |
| 24:10 | Create | Villager (Male) |
| 24:10 | Create | Villager (Male) |
| 24:13 | Build | Farm |
| 24:15 | Build | Farm |
| 24:23 | Create | Villager (Male) |
| 24:28 | Build | Market |
| 24:29 | Build | House |
| 24:43 | Create | Huskarl |
| 24:43 | Create | Huskarl |
| 24:53 | Build | Farm |
| 24:56 | Create | Villager (Male) |
| 24:56 | Create | Villager (Male) |
| 24:58 | Research | Sanctity |
| 25:06 | Create | Villager (Male) |
| 25:07 | Create | Villager (Male) |
| 25:14 | Create | Monk |
| 25:16 | Create | Villager (Male) |
| 25:16 | Create | Villager (Male) |
| 25:29 | Create | Huskarl |
| 25:39 | Create | Villager (Male) |
| 25:39 | Create | Villager (Male) |
| 26:03 | Build | Blacksmith |
| 26:11 | Research | Fletching |
| 26:15 | Create | Villager (Male) |
| 26:17 | Build | House |
| 26:19 | Build | House |
| 26:25 | Build | Farm |
| 26:25 | Build | Farm |
| 26:26 | Build | Farm |
| 26:29 | Create | Villager (Male) |
| 26:29 | Create | Villager (Male) |
| 26:32 | Build | House |
| 26:36 | Create | Villager (Male) |
| 26:37 | Create | Villager (Male) |
| 26:49 | Build | Farm |
| 26:52 | Build | Farm |
| 26:59 | Create | Villager (Male) |
| 26:59 | Create | Villager (Male) |
| 27:04 | Build | House |
| 27:05 | Build | House |
| 27:05 | Build | House |
| 27:17 | Create | Villager (Male) |
Build order — Osho
First 150 of 266 actions detected
| 0:11 | Build | Town Center |
| 1:33 | Build | House |
| 2:22 | Create | Villager (Male) ×4 |
| 2:22 | Create | Villager (Male) ×4 |
| 3:14 | Create | Villager (Male) |
| 3:14 | Create | Villager (Male) |
| 3:39 | Create | Villager (Male) |
| 3:40 | Create | Villager (Male) |
| 3:57 | Create | Villager (Male) |
| 4:06 | Build | House |
| 4:22 | Create | Villager (Male) |
| 4:31 | Build | Lumber Camp |
| 4:42 | Create | Villager (Male) |
| 4:42 | Create | Villager (Male) |
| 4:50 | Create | Villager (Male) |
| 4:51 | Create | Villager (Male) |
| 5:08 | Create | Villager (Male) |
| 5:09 | Create | Villager (Male) |
| 6:11 | Build | House |
| 6:46 | Build | House |
| 6:46 | Create | Villager (Male) |
| 6:47 | Create | Villager (Male) |
| 6:47 | Create | Villager (Male) |
| 7:11 | Create | Villager (Male) |
| 7:11 | Create | Villager (Male) |
| 7:27 | Build | Mill |
| 8:17 | Create | Villager (Male) |
| 8:58 | Create | Villager (Male) |
| 9:12 | Build | Farm |
| 9:13 | Build | Farm |
| 9:16 | Build | Farm |
| 9:25 | Create | Villager (Male) |
| 9:50 | Create | Villager (Male) |
| 10:00 | Build | Mining Camp |
| 10:06 | Create | Villager (Male) |
| 10:40 | Create | Villager (Male) |
| 11:18 | Research | Feudal Age |
| 11:18 | Research | Feudal Age |
| 11:26 | Build | Farm |
| 11:36 | Research | Loom |
| 11:36 | Create | Villager (Male) |
| 11:46 | Build | Farm |
| 11:47 | Build | Farm |
| 12:10 | Build | House |
| 12:37 | Build | Farm |
| 12:44 | Build | Farm |
| 13:28 | Age | Feudal Age |
| 13:35 | Build | Market |
| 13:37 | Build | Blacksmith |
| 14:19 | Create | Villager (Male) |
| 14:33 | Research | Castle Age |
| 14:33 | Research | Castle Age |
| 14:41 | Build | Lumber Camp |
| 15:18 | Build | Palisade Wall |
| 15:30 | Build | Palisade Wall |
| 15:50 | Build | Palisade Wall |
| 16:05 | Create | Villager (Male) |
| 16:36 | Research | Double-Bit Axe |
| 16:37 | Research | Double-Bit Axe |
| 16:37 | Research | Horse Collar |
| 16:37 | Research | Horse Collar |
| 17:24 | Age | Castle Age |
| 17:36 | Research | Bow Saw |
| 17:37 | Research | Bow Saw |
| 17:38 | Create | Villager (Male) |
| 17:52 | Build | Town Center |
| 17:54 | Build | Palisade Gate |
| 17:59 | Build | House |
| 18:16 | Research | Town Watch |
| 18:16 | Research | Town Watch |
| 18:32 | Create | Villager (Male) |
| 18:41 | Create | Villager (Male) |
| 18:46 | Build | Town Center |
| 18:55 | Create | Villager (Male) |
| 19:15 | Build | Palisade Wall |
| 19:16 | Build | Palisade Wall |
| 19:18 | Build | Palisade Gate |
| 19:29 | Build | Lumber Camp |
| 19:32 | Build | Farm |
| 19:33 | Build | Farm |
| 19:34 | Build | Farm |
| 19:34 | Create | Villager (Male) |
| 19:39 | Create | Villager (Male) |
| 19:39 | Create | Villager (Male) |
| 19:51 | Build | Farm |
| 19:57 | Build | Farm |
| 19:57 | Create | Villager (Male) |
| 20:01 | Build | Farm |
| 20:04 | Build | Farm |
| 20:16 | Create | Villager (Male) |
| 20:16 | Create | Villager (Male) |
| 20:27 | Build | Farm |
| 20:29 | Build | Farm |
| 20:32 | Create | Villager (Male) |
| 20:46 | Create | Villager (Male) |
| 20:46 | Create | Villager (Male) ×3 |
| 20:54 | Create | Villager (Male) |
| 21:01 | Build | Farm |
| 21:06 | Create | Villager (Male) |
| 21:06 | Create | Villager (Male) |
| 21:20 | Create | Villager (Male) |
| 21:30 | Build | Farm |
| 21:36 | Build | House |
| 21:43 | Create | Villager (Male) ×3 |
| 21:57 | Build | Farm |
| 22:00 | Build | House |
| 22:02 | Build | House |
| 22:03 | Build | House |
| 22:06 | Create | Villager (Male) |
| 22:08 | Build | Outpost |
| 22:10 | Create | Villager (Male) |
| 22:14 | Create | Villager (Male) |
| 22:26 | Build | Mill |
| 22:27 | Build | Farm |
| 22:27 | Build | Farm |
| 22:28 | Build | Farm |
| 22:28 | Build | Farm |
| 22:29 | Build | Farm |
| 22:29 | Build | Farm |
| 22:30 | Create | Villager (Male) |
| 22:30 | Create | Villager (Male) |
| 22:35 | Build | Outpost |
| 22:39 | Create | Villager (Male) |
| 22:43 | Create | Villager (Male) |
| 22:53 | Build | House |
| 23:00 | Create | Villager (Male) |
| 23:00 | Create | Villager (Male) |
| 23:06 | Create | Villager (Male) |
| 23:14 | Build | Outpost |
| 23:24 | Build | Barracks |
| 23:24 | Create | Villager (Male) |
| 23:24 | Create | Villager (Male) |
| 23:34 | Research | Wheelbarrow |
| 23:35 | Research | Wheelbarrow |
| 23:39 | Create | Villager (Male) |
| 23:49 | Build | Outpost |
| 24:03 | Build | Palisade Gate |
| 24:05 | Build | Palisade Wall |
| 24:08 | Build | Palisade Wall |
| 24:13 | Create | Villager (Male) |
| 24:19 | Create | Villager (Male) |
| 24:22 | Create | Villager (Male) |
| 24:25 | Build | Stable |
| 24:57 | Build | Watch Tower |
| 25:06 | Build | Stable |
| 25:12 | Create | Camel Scout |
| 25:12 | Create | Camel Scout |
| 25:15 | Create | Villager (Male) |
| 25:16 | Create | Villager (Male) |
| 25:16 | Create | Villager (Male) |
Match timeline
| 1:52 | chenst2020 · wall_segment Palisade Wall x1 |
| 2:47 | TdB.Red Matador · wall_segment Palisade Wall x1 |
| 2:55 | TdB.Red Matador · wall_segment Palisade Wall x1 |
| 3:03 | TdB.Red Matador · wall_segment Palisade Wall x1 |
| 3:18 | TdB.Red Matador · wall_segment Palisade Wall x1 |
| 3:31 | TdB.Red Matador · wall_segment Palisade Wall x1 |
| 3:42 | TdB.Red Matador · wall_segment Palisade Wall x1 |
| 3:59 | TdB.Red Matador · wall_segment Palisade Wall x1 |
| 4:03 | TdB.Red Matador · wall_segment Palisade Wall x1 |
| 4:06 | TdB.Red Matador · wall_segment Palisade Wall x2 |
| 8:56 | CTM | חב"ד ליובאוויט · first_building Barracks |
| 11:14 | TdB.Red Matador · wall_segment Palisade Wall x1 |
| 11:16 | TdB.Red Matador · wall_segment Palisade Wall x1 |
| 11:19 | TdB.Red Matador · wall_segment Palisade Wall x1 |
| 11:20 | ePsilon · first_building Barracks |
| 11:33 | 明太宗Judy · wall_segment Palisade Wall x1 |
| 11:34 | 明太宗Judy · wall_segment Palisade Wall x1 |
| 11:34 | 明太宗Judy · wall_segment Palisade Wall x1 |
| 11:56 | CTM | חב"ד ליובאוויט · age_up feudal |
| 12:12 | lizanan · wall_segment Palisade Wall x1 |
| 12:15 | lizanan · wall_segment Palisade Wall x1 |
| 12:16 | lizanan · wall_segment Palisade Wall x1 |
| 12:17 | 明太宗Judy · first_building Barracks |
| 12:19 | lizanan · wall_segment Palisade Wall x1 |
| 12:39 | lizanan · wall_segment Palisade Wall x1 |
| 12:41 | lizanan · wall_segment Palisade Wall x1 |
| 12:57 | 明太宗Judy · age_up feudal |
| 12:59 | 明太宗Judy · first_building Stable |
| 13:06 | TdB.Red Matador · age_up feudal |
| 13:28 | Osho · age_up feudal |
| 13:30 | chenst2020 · first_building Barracks |
| 13:34 | lizanan · age_up feudal |
| 13:37 | ePsilon · age_up feudal |
| 14:18 | Medina90 · age_up feudal |
| 14:18 | 明太宗Judy · wall_segment Palisade Wall x1 |
| 14:24 | lizanan · first_market_sell 100 wood |
| 14:36 | CTM | חב"ד ליובאוויט · wall_segment Stone Wall x8 |
| 14:52 | 明太宗Judy · wall_segment Palisade Wall x6 |
| 14:54 | CTM | חב"ד ליובאוויט · wall_segment Stone Wall x1 |
| 14:56 | CTM | חב"ד ליובאוויט · wall_segment Stone Wall x1 |
| 15:18 | Osho · wall_segment Palisade Wall x5 |
| 15:30 | Osho · wall_segment Palisade Wall x3 |
| 15:31 | TdB.Red Matador · wall_segment Stone Wall x1 |
| 15:33 | TdB.Red Matador · wall_segment Stone Wall x1 |
| 15:37 | TdB.Red Matador · wall_segment Stone Wall x1 |
| 15:50 | Osho · wall_segment Palisade Wall x2 |
| 15:56 | chenst2020 · age_up feudal |
| 15:57 | lizanan · wall_segment Palisade Wall x2 |
| 15:59 | chenst2020 · first_building Archery Range |
| 15:59 | lizanan · wall_segment Palisade Wall x2 |
| 16:05 | ePsilon · first_building Archery Range |
| 16:42 | CTM | חב"ד ליובאוויט · first_building Stable |
| 17:08 | lizanan · age_up castle |
| 17:09 | Medina90 · first_building Barracks |
| 17:19 | TdB.Red Matador · wall_segment Palisade Wall x1 |
| 17:24 | Osho · age_up castle |
| 17:25 | chenst2020 · wall_segment Stone Wall x4 |
| 17:27 | chenst2020 · wall_segment Stone Wall x1 |
| 17:31 | chenst2020 · wall_segment Stone Wall x3 |
| 17:31 | CTM | חב"ד ליובאוויט · first_market_buy 100 food |
| 17:35 | chenst2020 · wall_segment Stone Wall x3 |
| 17:35 | lizanan · first_building Castle |
| 17:37 | chenst2020 · wall_segment Stone Wall x6 |
| 17:38 | Medina90 · wall_segment Palisade Wall x1 |
| 17:58 | chenst2020 · wall_segment Stone Wall x5 |
| 18:01 | chenst2020 · wall_segment Stone Wall x5 |
| 18:06 | Medina90 · first_building Stable |
| 18:10 | chenst2020 · wall_segment Stone Wall x1 |
| 18:27 | Medina90 · age_up castle |
| 18:32 | TdB.Red Matador · first_market_sell 500 stone |
| 18:35 | TdB.Red Matador · first_market_buy 100 food |
| 18:42 | chenst2020 · wall_segment Stone Wall x4 |
| 19:15 | Osho · wall_segment Palisade Wall x1 |
| 19:16 | Osho · wall_segment Palisade Wall x1 |
| 19:25 | chenst2020 · wall_segment Stone Wall x1 |
| 19:29 | chenst2020 · wall_segment Stone Wall x1 |
| 19:30 | chenst2020 · wall_segment Stone Wall x1 |
| 19:37 | Osho · first_market_sell 100 wood |
| 19:38 | Osho · first_market_buy 100 food |
| 19:45 | Medina90 · wall_segment Palisade Wall x8 |
| 19:51 | chenst2020 · age_up castle |
| 20:02 | 明太宗Judy · wall_segment Palisade Wall x4 |
| 20:09 | 明太宗Judy · wall_segment Palisade Wall x3 |
| 20:18 | CTM | חב"ד ליובאוויט · age_up castle |
| 20:21 | 明太宗Judy · wall_segment Palisade Wall x1 |
| 20:26 | 明太宗Judy · first_building Archery Range |
| 20:27 | ePsilon · age_up castle |
| 20:49 | CTM | חב"ד ליובאוויט · wall_segment Palisade Wall x1 |
| 20:52 | lizanan · first_market_buy 100 food |
| 21:12 | CTM | חב"ד ליובאוויט · first_market_sell 100 stone |
| 21:13 | ePsilon · wall_segment Palisade Wall x1 |
| 21:33 | CTM | חב"ד ליובאוויט · first_building Siege Workshop |
| 21:46 | TdB.Red Matador · age_up castle |
| 21:53 | TdB.Red Matador · first_building Castle |
| 22:02 | lizanan · first_building Monastery |
| 22:42 | 明太宗Judy · age_up castle |
| 23:24 | Osho · first_building Barracks |
| 24:05 | Osho · wall_segment Palisade Wall x1 |
| 24:08 | Osho · wall_segment Palisade Wall x1 |
| 24:25 | Osho · first_building Stable |
| 24:33 | CTM | חב"ד ליובאוויט · first_building Castle |
| 24:39 | ePsilon · first_building Monastery |
| 25:16 | TdB.Red Matador · first_building Siege Workshop |
| 27:13 | Osho · first_building Castle |
| 30:04 | Osho · first_building Siege Workshop |
| 30:20 | chenst2020 · first_building Stable |
| 30:29 | 明太宗Judy · first_building Monastery |
| 31:13 | lizanan · first_building Barracks |
| 32:32 | 明太宗Judy · first_building Siege Workshop |
| 32:46 | Medina90 · first_market_buy 500 food |
| 33:20 | ePsilon · first_building Castle |
| 33:33 | TdB.Red Matador · first_building Monastery |
| 33:42 | Medina90 · first_building Monastery |
| 33:59 | 明太宗Judy · first_market_buy 100 stone |
| 35:15 | chenst2020 · first_building Castle |
| 35:43 | TdB.Red Matador · resign |
| 36:00 | Medina90 · age_up imperial |
| 36:07 | Medina90 · first_building Castle |
[ AI ANALYSIS · 1 CREDIT ]
What really happened in this match?
Wolo.gg analyzes every decision: build order, eco, micro, common mistakes by bracket. Personalized analysis on WhatsApp or Discord in 30 seconds.
Civ guide
Celts
Perfil
Jugador #11520176